 Dungeon Sprint DCSS version 0.27.0-1-g7a089689b8 (webtiles) character file.

Game seed: 13676724618596166256

5154 Groucho the Imperceptible (level 10, -5/56 HPs)
             Began as a Felid Berserker on Aug 4, 2021.
             Was a High Priest of Trog.
             Slain by the 26-headed Lernaean hydra (8 damage)
             ... in the Dungeon (Sprint I: "Red Sonja").
             The game lasted 00:15:54 (5338 turns).

Groucho the Imperceptible (Felid Berserker)         Turns: 5338, Time: 00:15:55

Health: -5/56      AC:  3    Str: 11    XL:     10   Next: 33%
Magic:  11/11      EV: 33    Int:  9    God:    Trog [*****.]
Gold:   1221       SH:  0    Dex: 20    Spells: 9/9 levels left
                                        Lives:  0   Deaths: 3

rFire    . . .     SeeInvis +     - Unarmed
rCold    + . .     Faith    .   (shield unavailable)
rNeg     . . .     Spirit   .   (armour unavailable)
rPois    +         Reflect  .   (helmet unavailable)
rElec    .         Harm     .   (cloak unavailable)
rCorr    .         Rampage  .   (gloves unavailable)
Will     +....     NoTele   +   (boots unavailable)
Stlth    +++++++++.             a - amulet of regeneration
HPRegen  1.18/turn              j - ring of flight
MPRegen  0.12/turn              o - ring of poison resistance

@: flying, studying 2 skills, quick
A: very small, claws 1, fangs 3, see invisible, speed 1, shaggy fur 3, stealthy
paws, no weapons or thrown items, no armour, multi-lived, weak 1
a: Renounce Religion, Berserk, Trog's Hand, Brothers in Arms


You were in the Dungeon.
You worshipped Trog.
Trog was extremely pleased with you.
You visited 1 branch You collected 4935 gold pieces.
You spent 3714 gold pieces at shops.

Inventory:

Jewellery
 a - an amulet of regeneration (around neck)
 h - a ring of fire
 j - a ring of flight (left paw)
 o - a ring of poison resistance (right paw)
 r - a ring of ice
 s - a +4 ring of slaying
 t - a +6 ring of strength
Wands
 i - a wand of flame (14)
 m - a wand of iceblast (7)
Scrolls
 f - a scroll of vulnerability {unknown}
 g - 2 scrolls of blinking
 l - 2 scrolls of fog {unknown}
 p - a scroll of magic mapping {unknown}
Potions
 b - 2 potions of heal wounds
 c - 2 potions of haste
 d - 2 potions of magic
 e - a potion of berserk rage
 n - 2 potions of flight {unknown}
 q - 2 potions of curing
Miscellaneous
 k - a piece from Xom's chessboard (15/15)


   Skills:
 + Level 14.3 Fighting
 + Level 18.4 Dodging
 + Level 25.6 Stealth
 + Level 14.3 Unarmed Combat


You had 9 spell levels left.
You didn't know any spells.
Your spell library was empty.

Dungeon Overview and Level Annotations

Branches:
Dungeon (1/1)

Altars:
Cheibriados
Dithmenos
Elyvilon
Fedhas
Gozag
Hepliaklqana
Kikubaaqudgha
Makhleb
Nemelex Xobeh
Okawaru
Qazlal
Ru
Sif Muna
Trog
Uskayaw
Vehumet
Wu Jian
Xom
Yredelemnul
Zin
The Shining One
Jiyva
Lugonu

Shops:
D !*([?[*[[[*[:(=*[(*[!:

Annotations:
D Lernaean hydra, Lom Lobon


Innate Abilities, Weirdness & Mutations

You have sharp claws.
You have razor-sharp teeth.
You have supernaturally acute eyesight. (SInv)
You cover ground quickly. (Speed+)
Your thick and shaggy fur keeps you warm. (AC +3, rC+)
Your paws help you pounce on unaware monsters.
You are incapable of wielding weapons or throwing items.
You cannot wear armour.
You gain extra lives every three experience levels.
You are weak. (Str -2)


Message History

The 26-headed Lernaean hydra barely misses you.
The 26-headed Lernaean hydra closely misses you. x2
The 26-headed Lernaean hydra bites you!
* * * LOW HITPOINT WARNING * * *
The 26-headed Lernaean hydra bites you!
You die...
The 26-headed Lernaean hydra barely misses you. x2
The 26-headed Lernaean hydra bites you!
The 26-headed Lernaean hydra completely misses you.
The 26-headed Lernaean hydra closely misses you.
The 26-headed Lernaean hydra completely misses you. x3
The 26-headed Lernaean hydra bites you.
The 26-headed Lernaean hydra misses you.
The 26-headed Lernaean hydra bites you!
The 26-headed Lernaean hydra completely misses you.
The 26-headed Lernaean hydra bites you but does no damage.
The 26-headed Lernaean hydra bites you!
The 26-headed Lernaean hydra barely misses you.
The 26-headed Lernaean hydra bites you!
You are now level 10!
You rejoin the land of the living...
Found a hand axe.
Unknown command.
You reach down and open the door.
There is an open door here.
The 26-headed Lernaean hydra barely misses you.
The 26-headed Lernaean hydra bites you! The 26-headed Lernaean hydra bites you.
The 26-headed Lernaean hydra bites you!
The 26-headed Lernaean hydra bites you. x3
The 26-headed Lernaean hydra closely misses you.
The 26-headed Lernaean hydra barely misses you.
The 26-headed Lernaean hydra misses you.
The 26-headed Lernaean hydra bites you. The 26-headed Lernaean hydra bites you!
* * * LOW HITPOINT WARNING * * *
The 26-headed Lernaean hydra completely misses you.
The 26-headed Lernaean hydra bites you but does no damage.
The 26-headed Lernaean hydra bites you!
* * * LOW HITPOINT WARNING * * *
The 26-headed Lernaean hydra completely misses you.
The 26-headed Lernaean hydra bites you!
You die...

#$### #.≈..#.....§§..§..#)#
..$$# ###..#.......§§§§.#$#
$$$$# +..##.^^^§.^§§§##○#
$#### ##'##.......§..#°°#
## #≈≈≈##........##○$#
#≈≈≈≈##..[():##$$$#
#≈≈≈≈≈########.°$$# #
####≈≈≈≈#≈≈≈≈≈#°°..$# °.
#..#'≈≈≈'≈@.≈≈'○...$# .°°
#÷..##≈≈#≈≈D≈≈#≈○°..# °^°.
#....######'#####○≈≈# .○&○°
#....#≈≈≈≈≈≈≈≈≈≈##≈≈#
^.°°°.#######≈≈≈≈≈≈≈≈D≈≈≈≈#
○°°°°^+))#}='...≈≈≈≈≈≈≈#≈≈#
..○.°.#[.'..#......$$≈≈≈#≈#
##### #####################


You could see the 26-headed Lernaean hydra.

Vanquished Creatures
  A golden dragon (D)
  A shadow dragon (D)
  A lorocyproca (D)
  A mummy priest (D)
  A hydra (D)
  2 centaur warriors (D)
  Sonja (D)
  A deep troll (D)
  A lindwurm (D)
  2 oklob plants (D)
  A gargoyle (D)
  2 unseen horrors (D)
  2 kobold demonologists (D)
  3 demonic crawlers (D)
  A slime creature (D)
  A hornet (D)
  Sigmund (D)
  2 redbacks (D)
  13 hogs (D)
  A yak (D)
  3 floating eyes (D)
  An ogre (D)
  4 necrophages (D)
  8 jellies (D)
  Ijyb (D)
56 creatures vanquished.

Vanquished Creatures (collateral kills)
  A deep elf annihilator (D)
  8 shining eyes (D)
  2 merfolk sirens (D)
  A hellwing (D)
  A demonic crawler (D)
  4 hornets (D)
  4 floating eyes (D)
  3 necrophages (D)
24 creatures vanquished.

Vanquished Creatures (others)
  A deep elf master archer (D)
  A gargoyle (D)
  2 ballistomycete spores (D)
4 creatures vanquished.

Grand Total: 84 creatures vanquished

Notes
Turn   | Place    | Note
-------+----------+-------------------------------------------
     0 | D        | Groucho the Felid Berserker began the quest for the Orb.
     0 | D        | Reached XP level 1. HP: 10/10 MP: 2/2
     1 | D        | Noticed Ijyb
    13 | D        | Killed Ijyb
    14 | D        | Reached skill level 8 in Stealth
    14 | D        | Reached XP level 2. HP: 10/14 MP: 3/3
   351 | D        | Noticed an ogre
   357 | D        | Killed an ogre
   358 | D        | Reached skill level 12 in Stealth
   358 | D        | Reached XP level 3. HP: 17/17 MP: 4/4
   358 | D        | Reached XP level 4. HP: 21/21 MP: 5/5
   362 | D        | Noticed Sigmund
   376 | D        | HP: 1/21 [Sigmund (4)]
   377 | D        | Mangled by Sigmund
   378 | D        | Reached XP level 3. HP: -10/17 MP: 4/4
   412 | D        | Killed Sigmund
   412 | D        | Reached ** piety under Trog
   413 | D        | Reached skill level 16 in Stealth
   413 | D        | Reached XP level 4. HP: 21/21 MP: 5/5
   413 | D        | Reached XP level 5. HP: 24/24 MP: 6/6
   580 | D        | Found a shimmering blue altar of Sif Muna.
   581 | D        | Found an ornate altar of the Wu Jian Council.
   582 | D        | Found a radiant altar of Vehumet.
   589 | D        | Found Ciosoupn's Armour Emporium.
   589 | D        | Found an ancient bone altar of Kikubaaqudgha.
   589 | D        | Found a hazy altar of Hepliaklqana.
   589 | D        | Found a stormy altar of Qazlal.
   589 | D        | Found a hide-covered altar of Uskayaw.
   589 | D        | Found a blossoming altar of Fedhas.
   589 | D        | Found a bloodstained altar of Trog.
   589 | D        | Found an iron altar of Okawaru.
   589 | D        | Found a basalt altar of Yredelemnul.
   589 | D        | Found a glowing golden altar of the Shining One.
   589 | D        | Found a snail-covered altar of Cheibriados.
   589 | D        | Found a sacrificial altar of Ru.
   589 | D        | Found a glowing silver altar of Zin.
   589 | D        | Found a shadowy altar of Dithmenos.
   589 | D        | Found a white marble altar of Elyvilon.
   589 | D        | Noticed a yak
   590 | D        | Found an opulent altar of Gozag.
   591 | D        | Killed a yak
   592 | D        | Reached skill level 18 in Stealth
   592 | D        | Gained mutation: You are covered in thick fur. (AC +2)
                  | [Felid growth]
   592 | D        | Reached XP level 6. HP: 28/28 MP: 7/7
   592 | D        | Found a sparkling altar of Nemelex Xobeh.
   652 | D        | Found a burning altar of Makhleb.
   652 | D        | Found a shimmering altar of Xom.
   652 | D        | Noticed a slime creature
   653 | D        | Found a viscous altar of Jiyva.
   653 | D        | Found a corrupted altar of Lugonu.
   687 | D        | Killed a slime creature
   688 | D        | Reached skill level 20 in Stealth
   688 | D        | Reached XP level 7. HP: 31/31 MP: 8/8
   750 | D        | Noticed a centaur warrior
   750 | D        | Noticed a centaur warrior
   751 | D        | Killed a centaur warrior
   751 | D        | Reached *** piety under Trog
   752 | D        | Reached skill level 5 in Fighting
   752 | D        | Reached skill level 5 in Unarmed Combat
   752 | D        | Reached XP level 8. HP: 38/38 MP: 9/9
   752 | D        | Killed a centaur warrior
   753 | D        | Reached skill level 21 in Stealth
   763 | D        | Noticed a hornet
   766 | D        | Killed a hornet
   767 | D        | Reached XP level 9. HP: 43/43 MP: 10/10
   770 | D        | Noticed an oklob plant
   772 | D        | Killed an oklob plant
   773 | D        | Reached skill level 10 in Dodging
   789 | D        | Reached **** piety under Trog
   822 | D        | Noticed an unseen horror
   822 | D        | Noticed an unseen horror
   848 | D        | Killed an unseen horror
   849 | D        | Reached skill level 22 in Stealth
  1055 | D        | Killed an unseen horror
  1334 | D        | Reached ***** piety under Trog
  1377 | D        | Reached ****** piety under Trog
  1378 | D        | Reached XP level 10. HP: 49/49 MP: 11/11
  1399 | D        | Found Ejauq's Antique Armour Shoppe.
  1399 | D        | Found Sutugrum's Assorted Antiques.
  1399 | D        | Found Agoda Jueph's Antique Armour Boutique.
  1401 | D        | Found Xehez's Antique Armour Emporium.
  1401 | D        | Found Ulew's General Store.
  1401 | D        | Found Liasome's Antique Armour Shoppe.
  1401 | D        | Found Xemar's Book Boutique.
  1401 | D        | Found Weacenn's Weapon Emporium.
  1401 | D        | Found Liarel's Jewellery Shop.
  1401 | D        | Found Xusuzuim's General Store.
  1407 | D        | Found Addaigra's Armour Boutique.
  1408 | D        | Found Rabremuc's General Store.
  1408 | D        | Found Bup Peck's Antique Weapon Boutique.
  1409 | D        | Found Xoqiy's Distillery.
  1423 | D        | Bought a ring of fire for 350 gold pieces
  1431 | D        | Bought an encrusted ivory wand for 88 gold pieces
  1449 | D        | Bought a ring of flight for 245 gold pieces
  1491 | D        | Noticed a deep troll
  1501 | D        | Killed a deep troll
  1502 | D        | Reached skill level 10 in Fighting
  1502 | D        | Reached skill level 10 in Unarmed Combat
  1555 | D        | Found Zorecwe's Armour Emporium.
  1567 | D        | Noticed Sonja
  1570 | D        | Killed Sonja
  1585 | D        | Found Tathrilodd's Distillery.
  1641 | D        | Reached skill level 23 in Stealth
  2133 | D        | Noticed a lindwurm
  2135 | D        | Killed a lindwurm
  2170 | D        | Reached XP level 11. HP: 40/55 MP: 12/12
  2421 | D        | Noticed a 12-headed hydra
  2423 | D        | Killed a 12-headed hydra
  2424 | D        | Reached skill level 15 in Dodging
  2426 | D        | Reached skill level 24 in Stealth
  2487 | D        | Noticed a shadow dragon
  2488 | D        | Noticed a golden dragon
  2489 | D        | Killed a shadow dragon
  2490 | D        | Killed a golden dragon
  2550 | D        | Found Qaull's Book Shoppe.
  2657 | D        | Noticed a lorocyproca
  2685 | D        | Killed a lorocyproca
  3027 | D        | Bought a potion of heal wounds for 70 gold pieces
  3034 | D        | Noticed a shining eye
  3034 | D        | Noticed a shining eye
  3034 | D        | Noticed a shining eye
  3034 | D        | Noticed a shining eye
  3034 | D        | Noticed a shining eye
  3034 | D        | Noticed a shining eye
  3035 | D        | Reached skill level 25 in Stealth
  3037 | D        | Killed a shining eye
  3037 | D        | Killed a shining eye
  3038 | D        | Gained mutation: Your thick and shaggy fur keeps you warm.
                  | (AC +3, rC+) [Felid growth]
  3038 | D        | Reached XP level 12. HP: 63/63 MP: 13/13
  3041 | D        | Gained mutation: You are weak. (Str -2) [a shining eye]
  3042 | D        | Paralysed by a floating eye for 3 turns
  3056 | D        | Found Umusom's General Store.
  3056 | D        | Found Xoleh's Magic Scroll Shop.
  3056 | D        | Found Gavvenia's Weapon Emporium.
  3056 | D        | Found Maruof's Armour Boutique.
  3069 | D        | Bought a scroll of acquirement for 728 gold pieces
  3082 | D        | Acquired 678 gold pieces
  3083 | D        | Acquired a manual of Dodging
  3092 | D        | Bought a scroll of blinking for 105 gold pieces
  3092 | D        | Bought a scroll of blinking for 105 gold pieces
  3178 | D        | Noticed a deep elf annihilator
  3193 | D        | Killed a deep elf annihilator
  3349 | D        | Noticed a mummy priest
  4475 | D        | Bought a potion of invisibility for 112 gold pieces
  4480 | D        | Bought a +4 ring of slaying for 1092 gold pieces
  4480 | D        | Bought a +6 ring of strength for 819 gold pieces
  4570 | D        | Killed a mummy priest
  4956 | D        | Noticed the 27-headed Lernaean hydra
  4965 | D        | HP: 3/64 [the 26-headed Lernaean hydra (4)]
  4965 | D        | Slain by the 26-headed Lernaean hydra
  4966 | D        | Reached XP level 11. HP: -2/60 MP: 12/12
  5168 | D        | Killed a deep elf master archer
  5290 | D        | Noticed Lom Lobon
  5331 | D        | Slain by the 26-headed Lernaean hydra
  5332 | D        | Reached XP level 10. HP: -3/56 MP: 11/11
  5338 | D        | Slain by the 26-headed Lernaean hydra

Illustrated notes

Levels and vault maps discovered:
D:        dungeon_sprint_1 [red_sonja_temple_1, red_sonja_temple_small_1]

Skill      XL: |  1  2  3  4  5  6  7  8  9 10 11 12 |
---------------+-------------------------------------+-----
Stealth        | 8 12 16 18 20 21 22 23 25 | 25.6
Fighting       | 5 7 9 11 13 14 | 14.3
Dodging        | 7 9 12 14 17 18 | 18.4
Unarmed Combat | 5 7 9 11 13 14 | 14.3

Action                   |  1- 3 |  4- 6 |  7- 9 | 10-12 || total
-------------------------+-------+-------+-------+-------++-------
Melee: Unarmed           |    12 |    14 |    43 |   120 ||   189
       Bite              |     1 |     1 |     4 |    19 ||    25
       Punch             |       |       |     2 |     5 ||     7
Invok: Berserk           |     3 |     1 |     2 |     5 ||    11
       Trog's Hand       |       |     2 |     2 |     5 ||     9
       Brothers in Arms  |       |       |       |    12 ||    12
Evoke: Wand              |       |       |       |     3 ||     3
  Use: Potion            |       |     1 |       |     2 ||     3
       Scroll            |       |       |     1 |     3 ||     4
 Stab: Sleeping          |     1 |     2 |    15 |    12 ||    30
       Invisible         |       |       |       |     1 ||     1
Armor: Skin              |       |       |       |     6 ||     6
Dodge: Dodged            |     5 |     7 |    28 |   132 ||   172
